 Dungeon Crawl Stone Soup version 0.31-a0-431-g88bdf31460 (webtiles) character file.

Game seed: 13094396706840822405

1595 garrulousMonolith the Changeling (level 8, -3/45 HPs)
             Began as an Octopode Shapeshifter on July 31, 2023.
             Was an Initiate of Dithmenos.
             Splashed by a jelly's acid (4 damage)
             ... on level 7 of the Dungeon.
             The game lasted 00:08:40 (5842 turns).

garrulousMonolith the Changeling (OpSh)             Turns: 5842, Time: 00:08:41

Health: -3/45      AC:  1    Str: 19    XL:     8   Next: 93%
Magic:  9/9        EV: 11    Int: 11    God:    Dithmenos [......]
Gold:   109        SH:  0    Dex: 14    Spells: 6/7 levels left

rFire   + .          .
                       - Unarmed
rCold   . . .        (shield currently unavailable)
rNeg    . . .        (helmet currently unavailable)
rPois   .            q - amulet of the acrobat
rElec   .            e - ring of protection from fire
rCorr   .            (no ring)
SInv    .            (no ring)
Will    .....        (no ring)
Stlth   +++          (no ring)
HPRegen 0.27/turn    (no ring)
MPRegen 0.11/turn    (no ring)
                     (no ring)

%: acrobat
@: snake-form, corroded
A: constrict, reduced hp, almost no armour, amphibious, 8 rings, large,
(camouflage 1), (gelatinous body 1), (nimble swimmer 1), (tentacles)
a: Begin Untransformation, Renounce Religion


You were on level 7 of the Dungeon.
You worshipped Dithmenos.
Dithmenos was noncommittal.
You were an enormous anaconda.
You visited 2 branches of the dungeon, and saw 8 of its levels.

You collected 278 gold pieces.
You spent 169 gold pieces at shops.

Inventory:

Hand Weapons
 t - a +2 hand crossbow of flaming
Missiles
 s - 2 throwing nets
 w - 20 poisoned darts
Jewellery
 e - a ring of protection from fire (left tentacle)
 q - an amulet of the acrobat (around neck)
Talismans
 b - a beast talisman
 p - a serpent talisman (active)
Wands
 g - a wand of paralysis (10)
 o - a wand of flame (13)
Scrolls
 d - a scroll of summoning
 f - 3 scrolls of teleportation
 j - a scroll of amnesia {unknown}
 m - a scroll of fear {unknown}
 n - a scroll of enchant armour {unknown}
 r - a scroll of blinking {unknown}
 u - a scroll of revelation {unknown}
 v - a scroll of brand weapon {unknown}
Potions
 a - 2 potions of lignification
 c - a potion of curing
 h - a potion of might
 i - 2 potions of haste {unknown}
 k - 2 potions of mutation
 l - 2 potions of enlightenment {unknown}


   Skills:
 + Level 4.4 Fighting
 + Level 4.7 Dodging
 + Level 5.8 Stealth
 + Level 5.2 Unarmed Combat
 + Level 1.6 Invocations
 * Level 6.0 Shapeshifting


You had 6 spell levels left.
You knew the following spells:

 Your Spells              Type           Power      Damage    Failure   Level
a - Apportation           Tloc           0%         N/A       34%         1

Your spell library contained the following spells:

 Spells                   Type           Power      Damage    Failure   Level
 Necrotise                Necr           0%         1d4       34%         1
 Summon Guardian Golem    Hex/Summ       0%         N/A       71%         3
 Vampiric Draining        Necr           0%         2d6       71%         3
 Agony                    Necr           0%         N/A       100%        5
 Alistair's Intoxication  Tmut/Pois      0%         N/A       100%        5
 Orb of Destruction       Conj           0%         9d5       100%        7
 Spellforged Servitor     Conj/Summ      0%         N/A       100%        7


Dungeon Overview and Level Annotations

Branches:
Dungeon (7/15)             Temple (1/1) D:6

Altars:
Ashenzari
Cheibriados
Dithmenos
Fedhas
Hepliaklqana
Kikubaaqudgha
Makhleb
Nemelex Xobeh
Okawaru
Qazlal
Ru
Sif Muna
Trog
Uskayaw
Vehumet
Wu Jian
Xom
Yredelemnul
Zin

Shops:
D:4 (


Innate Abilities, Weirdness & Mutations

You are an enormous anaconda.
You have a powerful constriction melee attack.
Your maximum health is decreased, since you lack skill for your form.
Your armour is entirely melded.
You are incapable of wielding weapons or throwing items.
You cannot wear most types of armour.
You are amphibious.
You can wear up to eight rings at the same time.
((Your skin changes colour to match your surroundings (Stealth+).))
((Your rubbery body absorbs attacks. (AC +1, EV +1)))
((You are camouflaged when in or above water. (Stealth+)))
((You have tentacles for arms and can constrict up to eight enemies at once.))


Message History

The orc hits you but does no damage.
You hit the jelly. The acid corrodes you!
Your tentacles burn!
The jelly is lightly wounded.
The orc hits you with a +0 hand axe. The jelly hits you but does no damage.
You hit the jelly.
Your tentacles burn!
The jelly is moderately wounded.
The orc closely misses you. The jelly hits you. The acid corrodes you!
You are splashed with acid!
You are too injured to fight recklessly!
You are too injured to fight recklessly!
You are too injured to fight recklessly!
You are too injured to fight recklessly!
You are too injured to fight recklessly!
You are too injured to fight recklessly!
You are too injured to fight recklessly!
You are too injured to fight recklessly!
You are too injured to fight recklessly!
You are too injured to fight recklessly!
You are too injured to fight recklessly!
You are too injured to fight recklessly!
You are too injured to fight recklessly!
You hit the jelly but do no damage.
Your tentacles burn!
The jelly is moderately wounded.
The orc hits you with a +0 hand axe. The jelly closely misses you.
You hit the jelly.
Your tentacles burn!
The jelly is severely wounded.
The orc hits you with a +0 hand axe.
* * * LOW HITPOINT WARNING * * *
The jelly misses you.
You hit the orc but do no damage. You grab the orc. You constrict the orc.
The orc closely misses you. The jelly hits you but does no damage.
You lash the orc!
You kill the orc!
Dithmenos accepts your kill. The jelly hits you.
* * * LOW HITPOINT WARNING * * *
You are splashed with acid!
* * * LOW HITPOINT WARNING * * *
You hit the jelly.
Your tentacles burn!
You die...

############
#..........#
#..........######
#...............# ##
#..........#..#.# #.
#..........#.##.# #.
#.........##.##.# #.
#...JS....##.##.# #.
#...)........##.# ##.
#.........#####.####..
#.........# #....'..
########### ######..
#.. #.. ##.. #...


You could see a jelly.

Vanquished Creatures
  A wyvern (D:7)
  Sigmund (D:4)
  Menkaure (D:6)
  A sky beast (D:6)
  2 ice beasts
  2 ogres
  A kobold brigand (D:6)
  A bullfrog (D:6)
  2 scorpions
  A howler monkey (D:6)
  A hound (D:6)
  2 orc wizards (D:4)
  2 sleepcaps
  3 iguanas
  4 gnolls (D:4)
  7 adders
  A white imp (D:5)
  A shadow imp (D:7)
  4 dart slugs
  10 orcs
  10 ball pythons
  9 bats
  6 endoplasms
  3 giant cockroaches
  4 goblins
  6 hobgoblins
  5 quokkas
  13 kobolds
  8 rats
112 creatures vanquished.

Notes
Turn   | Place    | Note
-------+----------+-------------------------------------------
     0 | D:1      | garrulousMonolith the Octopode Shapeshifter began the quest
                  | for the Orb.
     0 | D:1      | Reached XP level 1. HP: 13/13 MP: 1/1
   106 | D:1      | Reached XP level 2. HP: 9/18 MP: 2/2
   497 | D:1      | Reached skill level 1 in Stealth
   547 | D:1      | Reached XP level 3. HP: 23/23 MP: 3/3
  1200 | D:2      | Reached XP level 4. HP: 29/29 MP: 4/4
  1811 | D:3      | Found a burning altar of Makhleb.
  2085 | D:3      | Reached XP level 5. HP: 34/34 MP: 5/5
  2331 | D:3      | Learned a level 1 spell: Apportation
  2456 | D:4      | Reached skill level 4 in Shapeshifting
  2516 | D:4      | Found Cual Was's Antique Weapon Shop.
  2556 | D:4      | Noticed Sigmund
  2566 | D:4      | Killed Sigmund
  2567 | D:4      | Reached XP level 6. HP: 39/41 MP: 6/6
  2583 | D:4      | Found a stormy altar of Qazlal.
  2800 | D:4      | Found a sacrificial altar of Ru.
  2802 | D:4      | Found a shimmering altar of Xom.
  2806 | D:4      | Found a glowing silver altar of Zin.
  2813 | D:4      | Reached XP level 7. HP: 20/45 MP: 7/7
  2813 | D:4      | Found a broken altar of Ashenzari.
  3260 | D:4      | Bought a runed hand crossbow for 169 gold pieces
  3271 | D:5      | Entered Level 5 of the Dungeon
  3991 | D:6      | Reached skill level 5 in Shapeshifting
  4008 | D:6      | Noticed Menkaure
  4013 | D:6      | Killed Menkaure
  4014 | D:6      | Reached XP level 8. HP: 52/52 MP: 8/8
  4105 | D:6      | Reached skill level 5 in Stealth
  4410 | D:6      | Found a staircase to the Ecumenical Temple.
  4445 | D:6      | Found a hazy altar of Hepliaklqana.
  4476 | Temple   | Entered the Ecumenical Temple
  4661 | Temple   | Became a worshipper of Dithmenos the Shadowed
  4724 | D:6      | Reached skill level 5 in Unarmed Combat
  5648 | D:7      | Reached skill level 1 in Invocations
  5777 | D:7      | Noticed a wyvern
  5791 | D:7      | Killed a wyvern
  5792 | D:7      | Reached skill level 6 in Shapeshifting
  5841 | D:7      | HP: 1/45 [acid (8)]
  5842 | D:7      | Splashed by a jelly's acid

Illustrated notes

Levels and vault maps discovered:
D:1:      psy_arrival_conway, layout_basic, serial_forest,
          infiniplex_forest_lined_room_, infiniplex_forest_straight_3,
          infiniplex_forest_clump_long, infiniplex_forest_clump_small,
          infiniplex_forest_zigzag_1, infiniplex_forest_clump_double
D:2:      layout_basic, reono_crystal_passage, minmay_misc_feat_more_columns
D:3:      layout_loops_ring, lightli_temple_of_fire, nicolae_eternal_life
D:4:      layout_rooms, nicolae_overflow_macrodata_refinement,
          grunt_qazlal_sundering, serial_shops, shop, uniq_sigmund
D:5:      layout_basic
D:6:      nicolae_cairo_tiling_large_dashed, layout_basic,
          mainiacjoe_overflow_concentric_impassable, minmay_misc_feat_cross,
          nrook_mini_vaults, uniq_menkaure
D:7:      layout_basic, serial_shops, nicolae_shop_gibbet_a_chance,
          uniq_duvessa, uniq_joseph
Temple:   nicolae_temple_slightly_damp_pantheon

Skill      XL: |  1  2  3  4  5  6  7  8 |
---------------+-------------------------+-----
Stealth        | 1 2 3 4 5 |  5.8
Fighting       | 2 3 4 |  4.4
Shapeshifting  | 4 5 6 |  6.0
Dodging        | 3 4 |  4.7
Unarmed Combat | 4 5 |  5.2
Invocations    | 1 |  1.6

Action                     |  1- 3 |  4- 6 |  7- 9 || total
---------------------------+-------+-------+-------++-------
  Melee: Unarmed           |    77 |    65 |    92 ||   234
         Tentacles         |    17 |    19 |    13 ||    49
         Constrict         |    16 |    24 |    19 ||    59
         Punch             |     1 |     2 |     3 ||     6
  Evoke: Wand              |       |       |     4 ||     4
    Use: Scroll            |     2 |     1 |     3 ||     6
         Potion            |       |     2 |     2 ||     4
   Stab: Sleeping          |     6 |     9 |     3 ||    18
 Armour: Skin              |     9 |     1 |     8 ||    18
  Dodge: Dodged            |    52 |    47 |    66 ||   165
   Form: Anaconda          |       |       |     1 ||     1

Table legend: (Time is in decaauts)
 A = Elapsed time spent in this place.
 B = Non-inter-level travel time spent in this place.
 C = Inter-level travel time spent in this place.
 D = Time resting spent in this place.
 E = Time spent auto-exploring this place.
 F = Levels seen in this place.
 G = Mean time per level.
                   A        B        C        D        E       F      G
               +--------+--------+--------+--------+--------+-----+--------+
         Total |   5824 |   5488 |    336 |    920 |   3520 |   8 |  728.0 |
       Dungeon |   5614 |   5313 |    301 |    920 |   3520 |   7 |  802.0 |
        Temple |    209 |    174 |     35 |      0 |      0 |   1 |  209.0 |
               +--------+--------+--------+--------+--------+-----+--------+

Top non-repeatable levels by time:
     D:6: 1453 daAuts
     D:1: 993 daAuts
     D:4: 897 daAuts
     D:3: 801 daAuts
     D:5: 668 daAuts
     D:2: 568 daAuts
     D:7: 233 daAuts
  Temple: 209 daAuts
